AoeStats
← zephyrutia

Black Forest

509367176Analyzed
3v3 RM · 7d ago on Sep 26, 2026· 68m 7s· 6 players
Game mode
Random Map
Map size
Normal (6 player)
Population
200
Speed
Normal
Resources
Standard
Victory
Conquest
Starting age
Dark Age
Ending age
Imperial Age
RankedLock teamsTeams togetherTeam positionsShared explorationLock speedFull tech treeHidden civsTurbo modeCheats
Victory
Defeat
🇳🇵 Vietnamese · Nepal
946
+21
🇺🇸 Teutons · United States
919
+14
🇳🇵 Japanese · Nepal
900
+17
🇬🇧 Burgundians · United Kingdom
904
-15
🇦🇷 Persians · Argentina
889
-14
🇺🇸 Teutons · United States
853
-13
ArepitoElote
1:23 Loom
15:33 Feudal Age
20:52 Castle Age
18:54 Double-Bit Axe
29:08 Imperial Age
27:14 Wheelbarrow
32:21 Chemistry
36:21 Elite Skirmisher
38:24 Fletching
38:36 Padded Archer Armor
41:08 Ballistics
41:50 Bodkin Arrow
42:11 Leather Archer Armor
misaltamonteschiquitin
1:18 Loom
8:53 Horse Collar
10:36 Wheelbarrow
10:15 Double-Bit Axe
14:01 Feudal Age
12:36 Fishing Lines
13:34 Gold Mining
15:02 Bow Saw
15:25 Town Watch
16:00 Gillnets
19:01 Hand Cart
18:45 Man-at-Arms
23:35 Forging
27:25 Castle Age
26:16 Fletching
27:32 Crossbowman
28:35 Stone Mining
33:05 Two-Man Saw
32:58 Gold Shaft Mining
33:38 Scale Mail Armor
34:57 Heavy Plow
36:12 Crop Rotation
36:02 Scale Barding Armor
36:33 Long Swordsman
37:26 Padded Archer Armor
37:59 Husbandry
40:09 Stone Shaft Mining
39:11 Elite Skirmisher
40:03 Squires
39:24 Pikeman
41:13 Iron Casting
41:32 Bodkin Arrow
42:37 Chain Barding Armor
42:59 Chain Mail Armor
42:38 Treadmill Crane
43:19 Ballistics
44:57 Leather Archer Armor
44:30 Cavalier
46:44 Burgundian Vineyards
48:16 Masonry
50:48 Imperial Age
50:27 Pikeman
54:04 Caravan
55:07 Bracer
56:08 Blast Furnace
57:23 Plate Mail Armor
56:47 Capped Ram
59:30 Chemistry
59:01 Architecture
59:10 Plate Barding Armor
58:08 Elite Coustillier
60:34 Guilds
60:56 Coinage
60:11 Halberdier
60:55 Two-Handed Swordsman
66:22 Clinker Construction
Ebrio
0:52 Loom
12:30 Feudal Age
13:27 Horse Collar
13:35 Double-Bit Axe
17:57 Castle Age
18:25 Wheelbarrow
18:36 Bow Saw
18:30 Heavy Plow
31:54 Imperial Age
29:44 Hand Cart
30:17 Gold Mining
30:20 Stone Mining
30:37 Scale Barding Armor
30:43 Forging
32:41 Chain Barding Armor
32:57 Iron Casting
32:23 Caravan
33:01 Gold Shaft Mining
33:04 Stone Shaft Mining
33:17 Crop Rotation
33:36 Ballistics
33:20 Cavalier
34:13 Bloodlines
34:05 Husbandry
35:01 Plate Barding Armor
34:57 Conscription
35:07 Savar
37:46 Blast Furnace
47:59 Chemistry
48:41 Padded Archer Armor
48:31 Fletching
55:34 Leather Archer Armor
55:14 Bodkin Arrow
55:32 Masonry
55:19 Murder Holes
57:22 Light Cavalry
zephyrutia
7:46 Loom
10:19 Feudal Age
14:36 Castle Age
12:54 Double-Bit Axe
13:27 Horse Collar
23:10 Wheelbarrow
22:45 Heavy Plow
24:06 Scale Barding Armor
25:05 Bloodlines
26:02 Town Watch
27:04 Hand Cart
27:35 Squires
30:42 Imperial Age
28:56 Scale Mail Armor
30:39 Chain Mail Armor
31:00 Forging
30:33 Elite Skirmisher
30:49 Elite Teutonic Knight
32:59 Crop Rotation
36:13 Plate Mail Armor
36:58 Chemistry
37:22 Fletching
38:21 Padded Archer Armor
41:16 Ironclad
47:59 Hoardings
47:48 Crenellations
49:59 Iron Casting
52:56 Blast Furnace
52:55 Leather Archer Armor
54:17 Ballistics
55:57 Cavalier
57:34 Paladin
58:36 Chain Barding Armor
61:10 Siege Engineers
61:54 Plate Barding Armor
62:30 Ring Archer Armor
Blast
2:01 Loom
12:10 Feudal Age
13:09 Double-Bit Axe
19:42 Castle Age
21:58 Bow Saw
23:53 Gold Mining
24:28 Thumb Ring
26:29 Stone Mining
31:44 Sanctity
34:17 Imperial Age
32:01 Fletching
32:25 Elite Skirmisher
33:17 Bodkin Arrow
33:44 Padded Archer Armor
34:26 Caravan
34:13 Horse Collar
34:53 Elite Rattan Archer
36:32 Theocracy
36:03 Imperial Skirmisher
38:29 Paper Money
41:14 Bracer
40:58 Pikeman
42:54 Leather Archer Armor
42:25 Elite Fire Lancer
43:36 Forging
43:46 Scale Mail Armor
46:40 Chemistry
46:34 Iron Casting
46:17 Chain Mail Armor
47:29 Ring Archer Armor
47:32 Plate Mail Armor
48:20 Two-Man Saw
50:33 Fortified Wall
51:45 Ballistics
51:08 Treadmill Crane
54:14 Man-at-Arms
55:39 Stone Shaft Mining
Magikarp
4:30 Loom
11:46 Feudal Age
12:32 Man-at-Arms
14:25 Forging
14:53 Scale Mail Armor
21:48 Castle Age
22:47 Double-Bit Axe
28:05 Bow Saw
33:46 Iron Casting
33:27 Chain Mail Armor
33:42 Town Watch
36:45 Imperial Age
34:27 Yasama
34:34 Yasama
34:35 Fletching
34:45 Padded Archer Armor
37:16 Elite Samurai
40:05 Blast Furnace
39:36 Plate Mail Armor
39:22 Leather Archer Armor
39:03 Bodkin Arrow
40:02 Kataparuto
43:04 Pikeman
43:45 Squires
43:31 Arson
44:23 Halberdier
Connection lost

Rejoining the realm…

Still unreachable

The connection could not be restored.

Session expired

The server has moved on; the page needs a fresh start.